 Dungeon Crawl Stone Soup version 0.23-a0-819-g6debee6 (webtiles) character file.

9956 Vostok the Gouger (level 11, 0/57 HPs)
             Began as a Felid Transmuter on Jan 22, 2019.
             Was an Elder of Wu Jian.
             Slain by a white ugly thing (4 damage)
             ... on level 11 of the Dungeon.
             The game lasted 01:51:50 (20888 turns).

Vostok the Gouger (Felid Transmuter)               Turns: 20888, Time: 01:51:52

Health: 0/57       AC:  6    Str:  8    XL:     11   Next: 29%
Magic:  22/22      EV: 15    Int: 15    God:    Wu Jian [****..]
Gold:   567        SH:  0    Dex: 20    Spells: 3/24 levels left
                                        Lives:  0   Deaths: 3

rFire    . . .     SeeInvis +     - Unarmed
rCold    + + +     Gourm    .   (shield unavailable)
rNeg     + . .     Faith    .   (armour unavailable)
rPois    +         Spirit   .   (helmet unavailable)
rElec    .         Reflect  .   (cloak unavailable)
rCorr    .         Harm     .   (gloves unavailable)
MR       +....     Rnd*Tele +   (boots unavailable)
Stlth    +++.......             (no amulet)
HPRegen  0.19/turn              b - ring "Aleqimp" {rC+ rN+}
MPRegen  0.18/turn              A - ring of protection from fire

@: exhausted, ice-form (expiring)
A: large, no armour, no weapons or thrown items, stealth, see invisible,
carnivore, slow metabolism 1, strong 1, teleportitis 1
a: End Transformation, Wall Jump, Serpent's Lash, Renounce Religion


You were on level 11 of the Dungeon.
You worshipped Wu Jian.
Wu Jian was greatly pleased with you.
You were completely stuffed.
You were a creature of crystalline ice.
You visited 1 branch of the dungeon, and saw 12 of its levels.
You also visited: Ossuary.

You collected 679 gold pieces.
You spent 112 gold pieces at shops.

Inventory:

Missiles
 a - 113 arrows
Jewellery
 b - the ring "Aleqimp" (left front paw) {rC+ rN+}
   (You acquired it on level 10 of the Dungeon)

   [ring of positive energy]

   It protects you from cold.
   It protects you from negative energy.
 h - an uncursed ring of poison resistance
 n - an uncursed ring of resist corrosion
 A - a ring of protection from fire (right front paw)
Wands
 g - a wand of random effects (17)
 s - a wand of paralysis (7)
 x - a wand of scattershot (4)
 z - a wand of enslavement (5)
Scrolls
 d - a scroll of fear
 i - 5 scrolls of teleportation
 k - 3 scrolls of remove curse
 l - 2 scrolls of amnesia
 o - 4 scrolls of magic mapping
 q - 2 scrolls of immolation
 r - 2 scrolls of blinking
 y - 2 scrolls of vulnerability
Potions
 e - 4 potions of curing
 f - a potion of magic
 j - a potion of brilliance
 m - a potion of invisibility
 p - a potion of lignification
 t - a potion of ambrosia
 u - 3 potions of heal wounds
 v - a potion of might
 w - 2 potions of flight
 C - a potion of agility
 D - a potion of cancellation {unknown}
Comestibles
 c - 10 rations
 B - 2 chunks of flesh


   Skills:
 - Level 5.9 Fighting
 - Level 7.6 Dodging
 - Level 5.5 Stealth
 - Level 10.1 Unarmed Combat
 + Level 7.3 Spellcasting
 - Level 4.1 Hexes
 + Level 9.6 Transmutations
 - Level 5.5 Ice Magic
 - Level 1.4 Poison Magic


You had 3 spell levels left.
You knew the following spells:

 Your Spells              Type           Power        Failure   Level  Hunger
a - Beastly Appendage     Tmut           ####..       1%          1    None
b - Sticks to Snakes      Tmut           ####....     1%          2    None
c - Spider Form           Tmut/Pois      ###.......   4%          3    ##.....
d - Ensorcelled Hibernat  Hex/Ice        ###...       2%          2    None
e - Confusing Touch       Hex            ###...       2%          1    None
f - Ice Form              Ice/Tmut       ####....     5%          4    ####...
g - Blink                 Tloc           N/A          21%         2    None
h - Hydra Form            Tmut           ####......   36%         6    #######

Your spell library contained the following spells:

 Spells                   Type           Power        Failure   Level  Hunger
 Corona                   Hex            ###....      2%          1    None
 Slow                     Hex            ###.....     3%          2    None
 Confuse                  Hex            ###.....     7%          3    ##.....
 Tukima's Dance           Hex            ###.....     7%          3    ##.....
 Magic Dart               Conj           #...         13%         1    None
 Dazzling Spray           Conj/Hex       ##....       17%         3    ##.....
 Call Imp                 Summ           #.......     21%         2    None
 Mephitic Cloud           Conj/Pois/Air  #.......     32%         3    ##.....
 Conjure Flame            Conj/Fire      #.......     36%         3    ##.....
 Gell's Gravitas          Tloc           #.........   36%         3    ##.....
 Blade Hands              Tmut           ####......   7%          5    #####..
 Petrify                  Tmut/Erth      ###.....     19%         4    ####...
 Yara's Violent Unravell  Hex/Tmut       ####......   22%         5    #####..
 Irradiate                Conj/Tmut      ###.......   45%         5    #####..
 Metabolic Englaciation   Hex/Ice        ###.......   45%         5    #####..
 Dragon Form              Tmut           ####......   91%         7    #######
 Statue Form              Tmut/Erth      ###......    95%         6    #######


Dungeon Overview and Level Annotations

Branches:
Dungeon (12/15)            Temple (0/1) D:7            Lair (0/6) D:9
    Orc (0/2) D:9

Altars:
Ashenzari
Dithmenos
Okawaru
Qazlal
Wu Jian
Yredelemnul
The Shining One

Shops:
D:4 }   D:7 }   D:8 ?   D:11 ?

Annotations:
D:1 exclusion: downstairs
D:3 exclusion: 2 downstairs
D:4 3 runed doors, Menkaure; Wired's ghost, amateur OpTm
D:5 Blork the orc
D:8 3 runed doors, exclusions: downstairs and two-headed ogre, kal9871's ghost, novice OpTm
D:9 exclusion: downstairs


Innate Abilities, Weirdness & Mutations

You cannot wear armour.
You are incapable of wielding weapons or throwing items.
Your paws allow you to move quietly. (Stealth)
((You have sharp claws.))
((You have razor-sharp teeth.))
You have supernaturally acute eyesight. (SInv)
You are carnivorous and can eat meat at any time.
((You cover ground quickly.))
((You are covered in thick fur. (AC +2)))
You have a slow metabolism.
((Your sharp claws are effective at attacking unaware monsters.))
((You are partially covered in iridescent scales. (AC +2)))
((Your system is resistant to poisons. (rPois)))
Your muscles are strong. (Str +2)
You are occasionally teleported next to monsters.


Message History

* * * LOW HITPOINT WARNING * * *
Your muscles tense, ready for explosive movement...
You lunge with incredible momentum at the white ugly thing.
You hit the white ugly thing. You freeze the white ugly thing.
The white ugly thing is severely wounded.
You spin and attack the white ugly thing, with incredible momentum.
You hit the white ugly thing but do no damage.
The white ugly thing is severely wounded.
Your supernatural speed expires.
You lunge at the white ugly thing.
You hit the white ugly thing but do no damage.
The white ugly thing is severely wounded.
The white ugly thing misses you.
You spin and attack the white ugly thing.
You hit the white ugly thing.
The white ugly thing is severely wounded.
The white ugly thing tail-slaps you!
* * * LOW HITPOINT WARNING * * *
The white ugly thing freezes you. You resist.
You die...

.# #..###..# #.#
.# #.......# #.#
.# #.......# #.#
.# #.......# #.#
.#########.####..#
#.# ...........#
#..#####.#
...........#
#...[...[#
.########..#
#..○.....# .# #..#
#.Y......# .# #..#
#u.####..# .# #>.#
#..# #..# .# #..#
#..# #..# .# #..#
#..# #..# .# #..#
#..# #..# .# #..#
#..# #..# .# #..#
#..# #..# .# #..#
#..# #..#


You could see a white ugly thing (pinned).

Vanquished Creatures
  Gastronok (D:9)
  Erica (D:9)
  Nergalle (D:10)
  Pikel (D:7)
  An ugly thing (D:10)
  Maurice (D:10)
  Joseph (D:8)
  2 gargoyles
  A meliai zombie (D:11)
  4 hippogriffs
  A wyvern (D:11)
  6 yaks
  A hungry ghost (D:10)
  Duvessa (D:6)
  A soldier ant (D:11)
  2 porcupines (D:9)
  An ice beast (D:10)
  An orc warrior (D:9)
  4 sky beasts
  An eye of draining (D:11)
  A slave (D:7)
  A phantom (D:9)
  8 ogres
  A crocodile (D:11)
  2 centaurs
  8 bullfrogs
  Dowan (D:6)
  A wyvern skeleton (D:9)
  10 killer bees
  9 wights
  A crimson imp (D:5)
  2 howler monkeys
  4 hounds
  3 jellies
  A gnoll shaman (D:9)
  2 centaur skeletons
  4 orc priests
  4 bullfrog skeletons
  5 iguanas
  5 orc wizards
  6 worker ants
  3 hound zombies
  4 mummies (Ossuary)
  5 gnolls (D:9)
  7 adders
  2 howler monkey skeletons
  2 shadow imps
  An adder zombie (D:9)
  7 worms
  2 dart slugs
  2 leopard geckos
  31 orcs
  6 giant cockroaches
  11 goblins
  7 hobgoblins
  5 jackals
  8 kobolds
  4 quokkas
  3 ball pythons
  9 bats
  7 frilled lizards
  5 gnoll skeletons (Ossuary)
  6 gnoll zombies (Ossuary)
  4 goblin skeletons (Ossuary)
  A goblin zombie (Ossuary)
  7 hobgoblin skeletons (Ossuary)
  3 hobgoblin zombies (Ossuary)
  4 kobold skeletons (Ossuary)
  4 kobold zombies (Ossuary)
  2 orc skeletons (Ossuary)
  6 orc zombies (Ossuary)
  8 rats
  A rat skeleton (Ossuary)
  4 rat zombies (Ossuary)
293 creatures vanquished.

Vanquished Creatures (collateral kills)
  Erolcha (D:10)
  An ogre (D:5)
  A bullfrog (D:6)
  2 killer bees
  A worker ant (D:4)
  An orc (D:3)
7 creatures vanquished.

Vanquished Creatures (others)
  3 slaves (D:7)
  A goblin skeleton (Ossuary)
  A kobold skeleton (Ossuary)
  A kobold zombie (Ossuary)
  5 fungi
  A plant (D:8)
12 creatures vanquished.

Grand Total: 312 creatures vanquished

Notes
Turn   | Place    | Note
-------+----------+-------------------------------------------
     0 | D:1      | Vostok the Felid Transmuter began the quest for the Orb.
     0 | D:1      | Reached XP level 1. HP: 9/9 MP: 4/4
    39 | D:1      | Reached skill level 1 in Stealth
   150 | D:1      | Reached XP level 2. HP: 12/12 MP: 6/6
   154 | D:1      | Learned a level 2 spell: Sticks to Snakes
   822 | D:1      | Reached XP level 3. HP: 10/15 MP: 5/7
  1272 | D:2      | Learned a level 3 spell: Spider Form
  2455 | D:2      | Found an iron altar of Okawaru.
  3218 | D:2      | Reached XP level 4. HP: 19/19 MP: 6/8
  3275 | D:2      | Found a stormy altar of Qazlal.
  3279 | D:2      | Found a glowing golden altar of the Shining One.
  3282 | D:2      | Found an ornate altar of the Wu Jian Council.
  3285 | D:2      | Found a shattered altar of Ashenzari.
  3287 | D:2      | Found a shadowy altar of Dithmenos.
  3297 | D:2      | Became a worshipper of the Wu Jian Council
  4511 | D:3      | Reached skill level 4 in Unarmed Combat
  4900 | D:4      | Reached XP level 5. HP: 9/22 MP: 6/9
  5164 | D:4      | Killed from afar by an orc priest
  5165 | D:4      | Reached XP level 4. HP: -7/19 MP: 2/8
  5243 | D:4      | Found Dykul's Gadget Shoppe.
  5264 | D:4      | Noticed Wired's ghost (amateur OpTm)
  5272 | D:4      | Found a runed gate.
  5272 | D:4      | Found a runed gate.
  5274 | D:4      | Found a runed gate.
  5279 | D:4      | Noticed Menkaure
  6312 | D:4      | Reached skill level 5 in Unarmed Combat
  6312 | D:4      | Reached XP level 5. HP: 11/22 MP: 2/9
  6652 | D:4      | Found the +0 mask of the Dragon {MR+ Slay+3 SInv}
  6983 | D:5      | Entered Level 5 of the Dungeon
  7069 | D:5      | Noticed Blork the orc
  7231 | D:5      | Learned a level 2 spell: Ensorcelled Hibernation
  7789 | D:5      | Found a basalt altar of Yredelemnul.
  7794 | D:5      | Noticed a centaur
  7797 | D:5      | Noticed an ogre
  7799 | D:5      | HP: 1/22 [centaur (10)]
  7801 | D:5      | Killed a centaur
  7801 | D:5      | Reached skill level 1 in Poison Magic
  7801 | D:5      | Gained mutation: You are covered in thick fur. (AC +2)
                  | [Felid growth]
  7801 | D:5      | Reached XP level 6. HP: 10/25 MP: 6/10
  8072 | D:5      | Reached skill level 6 in Unarmed Combat
  8397 | D:5      | Reached skill level 1 in Hexes
  8587 | D:6      | Found a sand-covered staircase.
  8602 | D:6      | Reached * piety under Wu Jian
  8780 | Ossuary  | Entered an ossuary
  9193 | Ossuary  | Reached XP level 7. HP: 29/29 MP: 11/11
  9351 | Ossuary  | Reached ** piety under Wu Jian
 10252 | Ossuary  | Gained mutation: You have a pair of small horns on your
                  | head. [potion of mutation]
 10252 | Ossuary  | Gained mutation: You are agile. (Dex +2) [potion of
                  | mutation]
 10253 | Ossuary  | Lost mutation: You have a pair of small horns on your head.
                  | [potion of mutation]
 10253 | Ossuary  | Lost mutation: You are agile. (Dex +2) [potion of mutation]
 10253 | Ossuary  | Gained mutation: You can translocate small distances at
                  | will. [potion of mutation]
 10253 | Ossuary  | Gained mutation: You passively map a small area around you.
                  | [potion of mutation]
 10253 | Ossuary  | Gained mutation: Your muscles are strong. (Str +2) [potion
                  | of mutation]
 10254 | Ossuary  | Lost mutation: Your muscles are strong. (Str +2) [potion of
                  | mutation]
 10254 | Ossuary  | Lost mutation: You passively map a small area around you.
                  | [potion of mutation]
 10254 | Ossuary  | Gained mutation: Your muscles are strong. (Str +2) [potion
                  | of mutation]
 10255 | Ossuary  | Gained mutation: Your system is resistant to poisons.
                  | (rPois) [potion of mutation]
 10255 | Ossuary  | Lost mutation: You can translocate small distances at will.
                  | [potion of mutation]
 10255 | Ossuary  | Gained mutation: You are occasionally teleported next to
                  | monsters. [potion of mutation]
 10255 | Ossuary  | Gained mutation: You are partially covered in iridescent
                  | scales. (AC +2) [potion of mutation]
 10310 | D:6      | Noticed Duvessa
 10315 | D:6      | Noticed Dowan
 10319 | D:6      | Killed Duvessa
 10322 | D:6      | Reached skill level 7 in Unarmed Combat
 10324 | D:6      | Killed from afar by Dowan
 10325 | D:6      | Reached XP level 6. HP: -1/27 MP: 10/10
 10342 | D:6      | Killed Dowan
 10497 | D:6      | Noticed a sky beast
 10513 | D:6      | Killed a sky beast
 10513 | D:6      | Reached XP level 7. HP: 20/30 MP: 5/11
 10712 | D:6      | Reached skill level 8 in Unarmed Combat
 11503 | D:7      | Reached skill level 1 in Ice Magic
 11653 | D:7      | Reached *** piety under Wu Jian
 11899 | D:7      | Reached XP level 8. HP: 34/34 MP: 11/13
 11908 | D:7      | Reached skill level 5 in Dodging
 12174 | D:7      | Learned a level 1 spell: Confusing Touch
 12271 | D:7      | Found a staircase to the Ecumenical Temple.
 12324 | D:7      | Reached skill level 9 in Unarmed Combat
 12358 | D:7      | Noticed Pikel
 12370 | D:7      | Killed Pikel
 12606 | D:7      | Found Boecluh's Gadget Shop.
 13093 | D:8      | Reached XP level 9. HP: 39/39 MP: 10/15
 13128 | D:8      | Learned a level 4 spell: Ice Form
 13634 | D:8      | Noticed Joseph
 13834 | D:8      | Reached skill level 5 in Transmutations
 14125 | D:8      | Found Bocutori's Magic Scroll Shop.
 14130 | D:8      | Bought a scroll of identify for 28 gold pieces
 14130 | D:8      | Bought a scroll of identify for 28 gold pieces
 14130 | D:8      | Bought a scroll of identify for 28 gold pieces
 14130 | D:8      | Bought a scroll of identify for 28 gold pieces
 14191 | D:8      | Found a runed gate.
 14192 | D:8      | Noticed kal9871's ghost (novice OpTm)
 14196 | D:8      | Found a runed gate.
 14534 | D:8      | Found a runed gate.
 14553 | D:8      | Identified the +6 dagger "Axup" {drain, Str+5 Stlth+}
 14579 | D:8      | Noticed a two-headed ogre
 14747 | D:8      | Killed Joseph
 15250 | D:9      | Reached skill level 5 in Spellcasting
 15281 | D:9      | Noticed Erica
 15302 | D:9      | Killed Erica
 15422 | D:9      | Reached XP level 10. HP: 43/43 MP: 13/19
 15453 | D:9      | Reached **** piety under Wu Jian
 15871 | D:9      | Noticed Gastronok
 16156 | D:9      | HP: 1/51 [Gastronok (21)]
 16158 | D:9      | Annihilated by Gastronok
 16159 | D:9      | Reached XP level 9. HP: -23/46 MP: 18/19
 16193 | D:9      | Found a staircase to the Lair.
 16363 | D:9      | Noticed a troll
 16660 | D:9      | Killed Gastronok
 16660 | D:9      | Reached skill level 5 in Ice Magic
 16660 | D:9      | Reached XP level 10. HP: 24/43 MP: 19/21
 16788 | D:9      | Found a staircase to the Orcish Mines.
 16860 | D:10     | Entered Level 10 of the Dungeon
 17085 | D:10     | Noticed a brown ugly thing
 17106 | D:10     | HP: 1/51 [acid (3)]
 17429 | D:10     | Noticed Nergalle
 17474 | D:10     | Killed a green ugly thing
 17600 | D:10     | Identified a scroll of acquirement
 17604 | D:10     | Got a sparkling jade ring
 17606 | D:10     | Identified the ring "Aleqimp" {rC+ rN+} (You acquired it on
                  | level 10 of the Dungeon)
 17756 | D:10     | Killed Nergalle
 17776 | D:10     | Noticed a gargoyle
 17791 | D:10     | Killed a gargoyle
 17863 | D:10     | Reached skill level 5 in Fighting
 18473 | D:10     | Noticed Erolcha
 18488 | D:10     | Killed Erolcha
 18488 | D:10     | Reached skill level 5 in Stealth
 18488 | D:10     | Reached XP level 11. HP: 17/48 MP: 14/22
 18740 | D:10     | Noticed Maurice
 18755 | D:10     | Killed Maurice
 19239 | D:11     | Found Ezamash's Magic Scroll Emporium.
 19698 | D:11     | Found an iron altar of Okawaru.
 19726 | D:11     | Learned a level 2 spell: Blink
 20145 | D:11     | Reached skill level 10 in Unarmed Combat
 20650 | D:12     | Noticed a cyan ugly thing
 20663 | D:12     | Learned a level 6 spell: Hydra Form
 20820 | D:12     | Noticed a white ugly thing
 20888 | D:11     | Slain by a white ugly thing

Vault maps used:
D:1:      beargit_arrival_greenhouse, serial_bayou_lake_a
D:2:      minitemple, serial_bayou_ford_a, okawaru_gym_becter
D:3:      first_ration, kennysheep_boxes
D:4:      serial_shops, shop, gammafunk_ghost_split, serial_bayou_pond_e,
          uniq_menkaure
D:5:      overflow_temple_1_default, uniq_blork_the_orc
D:6:      nicolae_ossuary_entry_monument, kennysheep_generic_room_7,
          uniq_duvessa
D:7:      temple_hall, serial_shops, shop, uniq_pikel
D:8:      serial_shops, shop, gammafunk_ghost_nasty_kobolds, uniq_joseph
D:9:      grunt_lair_entry_orc_guard_hut, orc_0_dummy, uniq_gastronok,
          uniq_erica
D:10:     uniq_erolcha, uniq_maurice, uniq_nergalle
D:11:     serial_shops, shop_scrolls, basic_altar
D:12:     minmay_the_grid_octo_tiled_octocenter
Ossuary:  ossuary_due_pyramid

Skill      XL: |  1  2  3  4  5  6  7  8  9 10 11 |
---------------+----------------------------------+-----
Stealth        | 1 2 3 5 |  5.5
Dodging        | 3 4 5 7 |  7.6
Unarmed Combat | 5 6 8 9 10 | 10.1
Transmutations | 3 4 6 9 |  9.6
Poison Magic   | 1 |  1.4
Hexes          | 1 4 |  4.1
Fighting       | 3 4 5 |  5.9
Ice Magic      | 1 2 5 |  5.5
Spellcasting   | 3 7 6 |  7.3

Action                   |  1- 3 |  4- 6 |  7- 9 | 10-12 || total
-------------------------+-------+-------+-------+-------++-------
Melee: Unarmed           |   160 |   226 |   331 |   359 ||  1076
       Headbutt          |    26 |    31 |    33 |     9 ||    99
       Bite              |    11 |    15 |    12 |     2 ||    40
       Punch             |     1 |       |     6 |     4 ||    11
 Cast: Beastly Appendage |    42 |    56 |    38 |     9 ||   145
       Sticks to Snakes  |       |    20 |     4 |    18 ||    42
       Spider Form       |       |     6 |    18 |     5 ||    29
       Ice Form          |       |       |     3 |    20 ||    23
       Confusing Touch   |       |       |     1 |    15 ||    16
       Ensorcelled Hiber |       |       |     1 |     4 ||     5
Invok: Lunge             |       |    67 |   176 |   128 ||   371
       Whirlwind         |       |     7 |   126 |   178 ||   311
       Serpent's Lash    |       |       |     2 |     4 ||     6
 Abil: End Transformatio |       |     1 |       |       ||     1
Evoke: Wand              |       |       |       |     1 ||     1
  Use: Potion            |       |     5 |     9 |     5 ||    19
       Scroll            |       |     8 |    13 |     5 ||    26
 Stab: Sleeping          |     8 |     9 |    13 |    15 ||    45
       Confused          |       |       |     1 |     6 ||     7
       Distracted        |       |       |     1 |     1 ||     2
       Invisible         |       |       |       |     1 ||     1
  Eat: Chunk             |    12 |    17 |    22 |    19 ||    70
Armor: Skin              |     2 |     9 |    17 |    27 ||    55
Dodge: Dodged            |   104 |   149 |   222 |   173 ||   648

Table legend:
 A = Non-vault XP
 B = Vault XP
 C = Vault XP percentage of total XP
 D = Non-vault monster count
 E = Vault monster count
 F = Vault count percentage of total count
                 A         B        C        D         E       F
            +---------+---------+-------+---------+---------+-------
      Total |   10716 |    7389 |  40.8 |     234 |      61 |  20.7
            +---------+---------+-------+---------+---------+-------
        D:1 |      47 |       0 |   0.0 |      28 |       0 |   0.0
        D:2 |      52 |       0 |   0.0 |      24 |       0 |   0.0
        D:3 |      95 |       0 |   0.0 |      25 |       0 |   0.0
        D:4 |     197 |       0 |   0.0 |      12 |       0 |   0.0
        D:5 |     352 |       0 |   0.0 |       8 |       0 |   0.0
        D:6 |     664 |     229 |  25.6 |      13 |       2 |  13.3
        D:7 |    1117 |     651 |  36.8 |      23 |       1 |   4.2
        D:8 |    1069 |     419 |  28.2 |      19 |       1 |   5.0
        D:9 |    1115 |    3908 |  77.8 |      25 |       6 |  19.4
       D:10 |    3299 |    2023 |  38.0 |      24 |       3 |  11.1
       D:11 |    2250 |       0 |   0.0 |      26 |       0 |   0.0
       D:12 |     459 |      43 |   8.6 |       7 |       1 |  12.5
    Ossuary |       0 |     116 | 100.0 |       0 |      47 | 100.0
            +---------+---------+-------+---------+---------+-------
